 Dungeon Crawl Stone Soup version 0.30-a0-168-g0b976cbdc4 (webtiles) character file.

Game seed: 6636874537931145596

130187 freelancePsychic the Marksmummy (level 16, -3/138 HPs)
             Began as a Mummy Wanderer on Sept 29, 2022.
             Was the Champion of Okawaru.
             Blown up by a lich (12 damage)
             ... with a wavering orb of destruction
             ... in an ice cave.
             The game lasted 00:54:46 (29104 turns).

freelancePsychic the Marksmummy (Mummy Wanderer)   Turns: 29104, Time: 00:54:46

Health: -3/138     AC: 22    Str: 14    XL:     16   Next: 52%
Magic:  0/20       EV: 15    Int: 12    God:    Okawaru [******]
Gold:   1283       SH:  0    Dex: 26    Spells: 14/17 levels left

rFire   . . .      SeeInvis .    b - +6 triple crossbow (vorpal)
rCold   + . .      Faith    +    (shield currently unavailable)
rNeg    + + +      Spirit   +    z - +2 scale mail {rF+}
rPois   ∞          Reflect  .    I - +2 hat of the Bear Spirit {Spirit, *Rage Will++}
rElec   .          Harm     .    s - +1 cloak
rCorr   .          Rampage  .    e - +2 pair of gloves
Will    ++++.                    (no boots)
Stlth   +.........               L - amulet of regeneration
HPRegen 1.13/turn                t - +4 ring of protection
MPRegen 0.17/turn                j - +6 ring of dexterity

@: about to teleport, slowed, studying 3 skills, very slow
A: cold resistance 1, negative energy resistance 3, torment resistance 2, heat
vulnerability 1, in touch with death 2, no potions, faith
a: Renounce Religion, Heroism, Finesse, Duel


You were in an ice cave.
You worshipped Okawaru.
Okawaru was exalted by your worship.
You visited 5 branches of the dungeon, and saw 26 of its levels.
You also visited: Trove, Sewer and Ice Cave.

You collected 2611 gold pieces.
You spent 1328 gold pieces at shops.

Inventory:

Hand Weapons
 a - a +3 arbalest of venom
 b - a +6 vorpal triple crossbow (weapon)
Missiles
 l - 2 throwing nets
Armour
 d - a +0 leather armour
 e - a +2 pair of gloves (worn)
 m - a +0 pair of boots
 p - a +2 helmet of see invisible
 s - a +1 cloak (worn)
 v - +0 steam dragon scales
 z - a +2 scale mail of fire resistance (worn)
 A - +3 pearl dragon scales
 I - the +2 hat of the Bear Spirit (worn) {Spirit, *Rage Will++}
   (Okawaru gifted it to you on level 12 of the Dungeon)

   Going berserk makes the wearer tougher, and they're slowed less afterward.
   *Rage:     It berserks you when you make melee attacks (+20% chance).
   Will:      It greatly increases your willpower.
 N - a +2 pair of boots of rampaging
 P - the +4 skin of Zhor {*Englaciate rC+++ SInv}
   (You found it in an ice cave)

   It radiates cold, occasionally slowing all nearby creatures who are not
   resistant to cold.
   rC:        It renders you almost immune to cold.
   SInv:      It lets you see invisible.
Jewellery
 j - a +6 ring of dexterity (right hand)
 t - a +4 ring of protection (left hand)
 w - a +6 ring of intelligence
 B - a ring of protection from cold
 E - a ring of protection from cold
 F - an amulet of magic regeneration
 H - a ring of magical power
 J - a ring of ice
 L - an amulet of regeneration (around neck)
Wands
 n - a wand of flame (44)
 o - a wand of roots (21)
 C - a wand of polymorph (19)
 D - a wand of digging (12)
 G - a wand of light (3)
Scrolls
 f - 9 scrolls of fog
 g - 17 scrolls of teleportation {@r4}
 h - 5 scrolls of magic mapping
 i - 6 scrolls of poison
 k - 4 scrolls of immolation
 q - 6 scrolls of amnesia
 r - a scroll of brand weapon
 u - 12 scrolls of identify {@r1}
 x - a scroll of blinking
 M - a scroll of silence
 O - a scroll of torment
Miscellaneous
 c - a tin of tremorstones (inert)
 y - a condenser vane (inert)
 K - a phial of floods


   Skills:
 + Level 16.0 Fighting
 * Level 17.8 Ranged Weapons
 - Level 10.0 Armour
 + Level 8.3 Dodging
 - Level 1.0 Stealth
 - Level 1.3 Spellcasting
 - Level 6.9 Translocations
 - Level 1.5 Earth Magic
 - Level 6.5 Invocations
 - Level 5.0 Evocations


You had 14 spell levels left.
You knew the following spells:

 Your Spells              Type           Power      Damage    Failure   Level
a - Sandblast             Erth           8%         2d5       45%         1
b - Blink                 Tloc           34%        N/A       9%          2

Your spell library contained the following spells:

 Spells                   Type           Power      Damage    Failure   Level
 Lesser Beckoning         Tloc           17%        N/A       16%         3
 Momentum Strike          Conj/Tloc      18%        3d8       34%         2
 Passage of Golubria      Tloc           17%        N/A       47%         4
 Foxfire                  Conj/Fire      0%         2x1d4     67%         1
 Shock                    Conj/Air       0%         1d3       67%         1
 Passwall                 Tmut/Erth      1%         N/A       71%         2
 Kindle Blastsparks       Fire/Tloc/Air  12%        2d11      73%         3
 Static Discharge         Conj/Air       0%         2-2/arc   80%         2
 Stone Arrow              Conj/Erth      4%         3d7       90%         3
 Ignite Poison            Fire/Tmut/Pois 0%         N/A       95%         3
 Inner Flame              Hex/Fire       0%         N/A       95%         3
 Mephitic Cloud           Conj/Pois/Air  0%         N/A       95%         3
 Cause Fear               Hex            0%         N/A       100%        4
 Flame Wave               Conj/Fire      0%         2d4       100%        4
 Fulminant Prism          Conj/Hex       0%         3d6       100%        4
 Leda's Liquefaction      Hex/Erth       1%         N/A       100%        4
 Petrify                  Tmut/Erth      2%         N/A       100%        4
 Sticky Flame             Conj/Fire      0%         2d3       100%        4
 Fireball                 Conj/Fire      0%         3d3       100%        5
 Freezing Cloud           Conj/Ice/Air   0%         6-21      100%        5
 Lee's Rapid Deconstruct  Erth           2%         3d5*      100%        5
 Silence                  Hex/Air        0%         N/A       100%        5
 Yara's Violent Unravell  Hex/Tmut       0%         3d3       100%        5
 Starburst                Conj/Fire      0%         6d3       100%        6
 Enfeeble                 Hex            0%         N/A       100%        7
 Ozocubu's Refrigeration  Ice            0%         4d7       100%        7
 Lehudib's Crystal Spear  Conj/Erth      1%         10d2      100%        8
 Summon Small Mammal      Summ           Unusable   N/A       N/A         1
 Call Canine Familiar     Summ           Unusable   N/A       N/A         3
 Summon Guardian Golem    Hex/Summ       Unusable   N/A       N/A         3
 Tukima's Dance           Hex            Unusable   N/A       N/A         3
 Statue Form              Tmut/Erth      Unusable   N/A       N/A         6

Dungeon Overview and Level Annotations

Branches:
Dungeon (15/15)            Temple (1/1) D:5            Lair (5/5) D:11
 Shoals (0/4) Lair:2        Snake (3/4) Lair:3        Slime (0/5) Lair:5
    Orc (2/2) D:11            Elf (0/3) Orc:2        Vaults (0/5) D:14
 Depths (0/4) D:15          Sewer (visited)           IceCv (1/1)

Altars:
Ashenzari
Cheibriados
Dithmenos
Fedhas
Gozag
Hepliaklqana
Kikubaaqudgha
Makhleb
Nemelex Xobeh
Okawaru
Qazlal
Ru
Sif Muna
Trog
Uskayaw
Vehumet
Wu Jian
Xom
Yredelemnul

Shops:
D:6 *=*(   D:7 !   D:8 ?   D:12 :   D:14 =   D:15 !   Orc:2 ((?([

Annotations:
D:3 1 runed translucent door, Valamore's ghost, amateur MiFi
D:8 2 transporters, beryleye's ghost, novice GnFi
Snake:2 3 runed translucent doors, Ammimmimomm's ghost, adept MfGl; Nitaif's ghost, adept GrFi; greasedhog's ghost, journeyman GrSu


Innate Abilities, Weirdness & Mutations

You are immune to poison.
Your flesh is cold resistant. (rC+)
You are immune to negative energy. (rN+++)
You are immune to unholy pain and torment.
You are vulnerable to heat. (rF-)
You are strongly in touch with the powers of death.
You do not drink.
You have a special connection with the divine. (Faith)


Message History

Aim: a freezing wraith (79% to hit)
You shoot a bolt.
Your hands slow down.
Something touches you but does no damage.
Fire: b) +6 triple crossbow (vorpal)
Press: ? - help, Shift-Dir - straight line, f/p - freezing wraith
Aim: a freezing wraith (79% to hit)
You shoot a bolt. The bolt hits the harpy simulacrum!!!
The harpy simulacrum vaporises!
Okawaru accepts your kill.
You feel like a meek peon again.
Something touches you but does no damage.
Something touches you. x2
* * * LOW HITPOINT WARNING * * *
Fire: b) +6 triple crossbow (vorpal)
Press: ? - help, Shift-Dir - straight line, f/p - freezing wraith
Aim: a freezing wraith (freezing vapour, 77% to hit)
You shoot a bolt. The bolt hits the freezing wraith.
The freezing wraith is lightly damaged.
Something completely misses you.
Something touches you but does no damage. x2
Something conjures a glowing orb.
The wavering orb of destruction weakly hits you!!
* * * LOW HITPOINT WARNING * * *
Fire: b) +6 triple crossbow (vorpal)
Press: ? - help, Shift-Dir - straight line, f/p - freezing wraith
Aim: a freezing wraith (freezing vapour, lightly damaged, 77% to hit)
You shoot a bolt. Something barely misses you.
You hear some strange, mumbled words.
A bolt of cold appears from out of thin air!
The bolt of cold misses you.
Something conjures a glowing orb.
The wavering orb of destruction weakly hits you!
* * * LOW HITPOINT WARNING * * *
As you read the scroll of teleportation {@r4}, it crumbles to dust.
You feel strangely unstable.
Something touches you but does no damage. x2
Something conjures a glowing orb.
The wavering orb of destruction weakly hits you!
You die...

## #..###........#
.## ##..#
#.......## .†##
#..## #......##
...####.##
##......# #...##..#
##..#8..##
##..#..####..###..#
#.....# #..## #[.#
##...##
##..######### #####
###.ZW{@....#
##.##ZW######..#
##.ZW#Z.# #ZZW[#..#
...Z..#.L.## ...ZZ
#.W## .... ###.#
... #Z. _. .L$#


You could see 2 freezing wraiths, an alligator simulacrum, a dire elephant
simulacrum and a caustic shrike simulacrum.

Vanquished Creatures
  Mlioglotl (Snake:1)
  Kirke (Snake:1)
  A nagaraja (Snake:2)
  Aizul (Snake:1)
  An orc warlord (Orc:2)
  A stone giant (D:15)
  2 very ugly things
  A fire dragon (D:13)
  8 vault guards (D:14)
  3 hydras
  4 anacondas
  2 catoblepae
  5 centaur warriors
  5 two-headed ogres
  4 tengu warriors (D:15)
  7 death yaks (Lair:5)
  8 naga warriors
  5 boulder beetles
  A deep troll shaman (Lair:5)
  2 shock serpents (Snake:1)
  9 naga sharpshooters
  An orc high priest (Orc:1)
  A sun demon (D:13)
  9 skeletal warriors
  Lodul (D:13)
  3 bog bodies (IceCv)
  3 spriggan simulacra (IceCv)
  3 naga ritualists
  3 orc knights
  A lindwurm (Lair:5)
  5 salamanders
  9 ugly things
  8 mana vipers
  3 manticores
  5 deep elf pyromancers
  7 cyclopes
  An elephant (shapeshifter) (D:13)
  11 elephants (Lair:5)
  A torpor snail (Lair:1)
  2 guardian serpents
  17 black mambas
  10 naga magi
  5 cane toads
  A smoke demon (D:13)
  11 freezing wraiths
  Maggie (Lair:2)
  An unseen horror (D:12)
  9 komodo dragons
  2 anaconda simulacra (IceCv)
  A tengu conjurer (D:15)
  2 efreet (D:13)
  8 rime drakes
  2 polar bears
  7 trolls
  A wind drake (Lair:2)
  8 slime creatures
  19 blink frogs
  A culicivora (shapeshifter) (D:15)
  A centaur simulacrum (D:14)
  A shadow (D:10)
  A vampire (D:7)
  4 wyverns
  A dire elephant simulacrum (IceCv)
  47 yaks
  7 wraiths
  2 hogs (Snake:1)
  10 basilisks
  A human (Snake:1)
  2 steam dragons
  4 vampire mosquitoes
  2 minotaur simulacra (IceCv)
  2 harpy simulacra (IceCv)
  3 acid dragons
  20 nagas
  A hydra simulacrum (IceCv)
  17 water moccasins
  29 orc warriors
  An alligator simulacrum (IceCv)
  6 black bears
  An ice beast (D:5)
  17 ogres
  An ettin simulacrum (IceCv)
  16 centaurs
  15 wolves
  A phantom (D:6)
  2 kobold brigands
  8 bullfrogs
  6 earth elementals (D:15)
  2 scorpions (D:5)
  A deep troll simulacrum (IceCv)
  3 wights (D:8)
  4 lindwurm simulacra (IceCv)
  8 killer bees
  4 howler monkeys
  A crimson imp (D:8)
  2 gnoll boudas (D:8)
  18 orc priests
  6 hounds
  5 jellies
  3 iguanas
  23 orc wizards
  13 hell rats
  8 gnolls (D:8)
  7 adders
  A shadow imp (D:6)
  3 white imps
  2 worms
  2 dart slugs
  85 orcs
  5 endoplasms
  5 goblins
  7 hobgoblins
  4 jackals (D:3)
  17 kobolds
  A quokka (D:3)
  5 ball pythons
  9 bats
  2 frilled lizards
  2 goblin zombies (D:8)
  4 hobgoblin zombies (D:8)
  A kobold skeleton (D:8)
  3 kobold zombies (D:8)
  An orc skeleton (D:8)
  7 rats
758 creatures vanquished.

Vanquished Creatures (others)
  An orc priest (Orc:2)
  46 fungi
  51 plants
98 creatures vanquished.

Grand Total: 856 creatures vanquished

Notes
Turn   | Place    | Note
-------+----------+-------------------------------------------
     0 | D:1      | freelancePsychic the Mummy Wanderer began the quest for the
                  | Orb.
     0 | D:1      | freelancePsychic set off with the following items: a +2
                  | sling, a +0 cloak, a scroll of teleportation {@r4}, a +0
                  | leather armour; and the following spell memorised:
                  | Sandblast; and the following spells available to memorise:
                  | Stone Arrow.
     0 | D:1      | Reached XP level 1. HP: 13/13 MP: 2/2
   507 | D:2      | Reached skill level 1 in Fighting
   507 | D:2      | Reached XP level 2. HP: 18/21 MP: 4/4
   626 | D:2      | Gained mutation: You are in touch with the powers of death.
                  | [Mummy growth]
   626 | D:2      | Reached XP level 3. HP: 21/26 MP: 5/5
  1660 | D:1      | Found a faded altar of an unknown god.
  2354 | D:3      | Identified the +1 hat of the Wasteland {+Inv Will- Str+6
                  | Slay+2}
  2389 | D:3      | Reached skill level 5 in Ranged Weapons
  2389 | D:3      | Reached XP level 4. HP: 30/32 MP: 6/6
  2548 | D:3      | Reached XP level 5. HP: 26/39 MP: 7/7
  2673 | D:4      | Found a glowing drain.
  2683 | Sewer    | Entered a sewer
  2782 | Sewer    | Noticed a water moccasin
  2790 | Sewer    | Killed a water moccasin
  2791 | Sewer    | Reached XP level 6. HP: 45/47 MP: 8/8
  2907 | D:4      | Reached skill level 6 in Ranged Weapons
  3090 | D:3      | Found a runed translucent door.
  3132 | D:3      | Noticed Valamore's ghost (amateur MiFi)
  3733 | D:5      | Entered Level 5 of the Dungeon
  3752 | D:5      | Noticed an ice beast
  3765 | D:5      | Killed an ice beast
  3864 | D:5      | Reached XP level 7. HP: 49/53 MP: 9/9
  4082 | D:5      | Found a basalt altar of Yredelemnul.
  4132 | D:5      | Found a staircase to the Ecumenical Temple.
  4140 | D:5      | Reached skill level 7 in Ranged Weapons
  4659 | D:6      | Found Wionasmoin's Assorted Antiques.
  4688 | D:6      | Reached skill level 5 in Fighting
  4734 | D:6      | Bought a glowing helmet for 180 gold pieces
  4745 | D:6      | Bought a scroll labelled CEUZOA HOEM for 24 gold pieces
  4745 | D:6      | Bought a scroll labelled VEASSEQUCZA for 24 gold pieces
  4761 | D:6      | Found Nenupaj's Weapon Emporium.
  4767 | D:6      | Bought a +0 arbalest for 54 gold pieces
  4834 | D:6      | Reached XP level 8. HP: 62/62 MP: 10/10
  4921 | Temple   | Entered the Ecumenical Temple
  4972 | Temple   | Became a worshipper of Warmaster Okawaru
  5098 | D:6      | Found Lasopsal's Jewellery Shop.
  5104 | D:6      | Reached skill level 1 in Invocations
  5108 | D:6      | Found Dapheu's General Store.
  5552 | D:5      | Found a burning altar of Makhleb.
  5558 | D:5      | Noticed an angel
  5558 | D:5      | Noticed a balrug
  5595 | D:5      | Found a hide-covered altar of Uskayaw.
  5683 | D:5      | Reached skill level 8 in Ranged Weapons
  5917 | D:7      | Reached * piety under Okawaru
  6219 | D:7      | Found Uskineady's Distillery.
  6803 | D:7      | Noticed a cyclops
  6807 | D:7      | Killed a cyclops
  6807 | D:7      | Reached ** piety under Okawaru
  6808 | D:7      | Reached XP level 9. HP: 56/71 MP: 8/12
  6920 | D:7      | Reached skill level 9 in Ranged Weapons
  6931 | D:7      | Noticed a boulder beetle
  7009 | D:8      | Found a radiant altar of Vehumet.
  7047 | D:7      | Reached *** piety under Okawaru
  7048 | D:7      | Reached skill level 5 in Invocations
  7429 | D:6      | Bought a scroll of brand weapon for 114 gold pieces
  7585 | D:8      | Found a transporter.
  7593 | D:8      | Noticed a moth of wrath
  7649 | D:8      | Found Rephug's Magic Scroll Emporium.
  7774 | D:8      | Reached XP level 10. HP: 37/82 MP: 13/13
  7999 | D:8      | Found a stormy altar of Qazlal.
  8470 | D:8      | Noticed beryleye's ghost (novice GnFi)
  8474 | D:8      | Found a bloodstained altar of Trog.
  8490 | D:8      | Found a transporter.
  8814 | D:9      | Reached **** piety under Okawaru
  8915 | D:9      | Noticed a two-headed ogre
  8919 | D:9      | Killed a two-headed ogre
  8920 | D:9      | Reached skill level 10 in Ranged Weapons
  9275 | D:9      | Found a shimmering blue altar of Sif Muna.
  9288 | D:9      | Found a shadowy altar of Dithmenos.
  9457 | D:9      | Found a snail-covered altar of Cheibriados.
  9720 | D:10     | Entered Level 10 of the Dungeon
  9823 | D:10     | Reached ***** piety under Okawaru
 10080 | D:10     | Found a portal to a secret trove of treasure.
 10093 | Trove    | Entered a treasure trove
 10107 | Trove    | Got Sif Muna's Secrets of Fog and Cold
 10149 | Trove    | Got Ejammor's Tome of the Transmuted Coals
 10152 | Trove    | Got Sif Muna's Cyclopedia of Shapeshifting and Heat
 10291 | D:10     | Reached skill level 10 in Fighting
 10295 | D:10     | Reached skill level 1 in Translocations
 10330 | D:10     | Noticed a two-headed ogre
 10335 | D:10     | Killed a two-headed ogre
 10336 | D:10     | Reached skill level 11 in Ranged Weapons
 10513 | D:10     | Learned a level 2 spell: Blink
 10883 | D:11     | Found a staircase to the Orcish Mines.
 10914 | D:11     | Reached XP level 11. HP: 76/90 MP: 12/14
 11033 | D:11     | Reached skill level 12 in Ranged Weapons
 11042 | D:11     | Found a staircase to the Lair.
 11151 | D:11     | Reached skill level 1 in Armour
 11522 | D:7      | Noticed a two-headed ogre
 11525 | D:7      | Killed a two-headed ogre
 11621 | D:7      | Noticed a deep elf pyromancer
 11629 | D:7      | Killed a deep elf pyromancer
 11661 | D:7      | Noticed a two-headed ogre
 11665 | D:7      | Killed a two-headed ogre
 11666 | D:7      | Reached skill level 13 in Ranged Weapons
 11668 | D:7      | Identified the +0 chain mail "Noosch" {Int+6}
 11683 | D:7      | Got the Vellum of the Hindering Voyage
 11700 | D:7      | Killed a boulder beetle
 12040 | D:12     | Found Huykhyka's Book Shoppe.
 12160 | D:12     | Reached skill level 5 in Armour
 12208 | D:12     | Noticed a skeletal warrior
 12209 | D:12     | Noticed a skeletal warrior
 12217 | D:12     | Killed a skeletal warrior
 12223 | D:12     | Noticed a skeletal warrior
 12226 | D:12     | Noticed a skeletal warrior
 12231 | D:12     | Killed a skeletal warrior
 12269 | D:12     | Noticed a two-headed ogre
 12276 | D:11     | Received a gift from Okawaru
 13040 | Lair:1   | Entered Level 1 of the Lair of Beasts
 13283 | Lair:1   | Reached XP level 12. HP: 99/99 MP: 15/15
 13996 | Lair:1   | Received a gift from Okawaru
 14504 | Lair:2   | Noticed Maggie
 14514 | Lair:2   | Killed Maggie
 14937 | Lair:2   | Found a staircase to the Shoals.
 15319 | Lair:2   | Identified the +9 hand axe of Upheaval {freeze, rElec rPois
                  | rF+ Will+}
 16043 | Lair:2   | Reached skill level 1 in Dodging
 16483 | Lair:3   | Reached ****** piety under Okawaru
 16690 | Lair:3   | Found a staircase to the Snake Pit.
 16808 | Lair:3   | Noticed an eight-headed hydra
 16816 | Lair:3   | Killed an eight-headed hydra
 16892 | Lair:3   | Received a gift from Okawaru
 17364 | Lair:4   | Reached skill level 14 in Ranged Weapons
 17390 | Lair:4   | Gained mutation: You are strongly in touch with the powers
                  | of death. [Mummy growth]
 17390 | Lair:4   | Reached XP level 13. HP: 94/109 MP: 16/16
 17505 | Lair:4   | Received a gift from Okawaru
 18636 | Lair:5   | Entered Level 5 of the Lair of Beasts
 18648 | Lair:5   | Reached skill level 15 in Ranged Weapons
 19054 | Lair:5   | Identified the +1 buckler of the Gastropod {Will+ rCorr}
                  | (Okawaru gifted it to you on level 5 of the Lair of Beasts)
 19054 | Lair:5   | Received a gift from Okawaru
 19150 | Lair:5   | Found a staircase to the Slime Pits.
 19290 | Lair:5   | Reached skill level 16 in Ranged Weapons
 19305 | Lair:5   | Reached skill level 5 in Dodging
 19619 | Lair:5   | Reached XP level 14. HP: 118/118 MP: 17/17
 20569 | D:12     | Received a gift from Okawaru
 20569 | D:12     | Found the +2 hat of the Bear Spirit {Spirit, *Rage Will++}
 21219 | D:13     | Noticed Lodul
 21223 | D:13     | Killed Lodul
 21770 | D:14     | Found Oseox's Jewellery Shop.
 21823 | D:14     | Found a gate to the Vaults.
 21863 | D:14     | Reached skill level 15 in Fighting
 21875 | D:14     | Identified the +6 arbalest of the Wraith {freeze, rN+ Int-5
                  | Stlth+} (Okawaru gifted it to you on level 14 of the
                  | Dungeon)
 21875 | D:14     | Received a gift from Okawaru
 22866 | D:15     | Entered Level 15 of the Dungeon
 23285 | D:15     | Found a staircase to the Depths.
 23285 | D:15     | Noticed a stone giant
 23292 | D:15     | Killed a stone giant
 23394 | D:15     | Identified the +2 helmet "Esam" {rN+ Int+3} (Okawaru gifted
                  | it to you on level 15 of the Dungeon)
 23394 | D:15     | Received a gift from Okawaru
 23466 | D:15     | Found Cepuqifu's Distillery.
 23828 | D:15     | Reached XP level 15. HP: 106/129 MP: 11/19
 24236 | Orc:1    | Entered Level 1 of the Orcish Mines
 24568 | Orc:2    | Entered Level 2 of the Orcish Mines
 24824 | Orc:2    | Found Qoluene's Magic Scroll Shop.
 24832 | Orc:2    | Bought a scroll of enchant weapon for 127 gold pieces
 24832 | Orc:2    | Bought a scroll of enchant weapon for 127 gold pieces
 24832 | Orc:2    | Bought a scroll of teleportation for 51 gold pieces
 24846 | Orc:2    | Found a staircase to the Elven Halls.
 24881 | Orc:2    | Found Galyvaa's Antique Weapon Emporium.
 25003 | Orc:2    | Reached skill level 5 in Translocations
 25212 | Orc:2    | Found Honahuac's Weapon Shop.
 25382 | Orc:2    | Found Rungis's Antique Weapon Shop.
 25384 | Orc:2    | Found Puvast's Antique Armour Boutique.
 25398 | Orc:2    | Bought a pair of runed boots for 285 gold pieces
 25407 | Orc:2    | Bought a bloodstained scale mail for 342 gold pieces
 25407 | Orc:2    | Identified the +0 scale mail of Death's Door {rElec} (You
                  | bought it in a shop on level 2 of the Orcish Mines)
 25983 | D:13     | Reached skill level 10 in Armour
 26355 | Snake:1  | Entered Level 1 of the Snake Pit
 26364 | Snake:1  | Identified the +1 scale mail of Happiness {Fly} (Okawaru
                  | gifted it to you on level 1 of the Snake Pit)
 26364 | Snake:1  | Received a gift from Okawaru
 26550 | Snake:1  | Noticed Aizul
 26576 | Snake:1  | Killed Aizul
 26763 | Snake:1  | Noticed Mlioglotl
 26811 | Snake:1  | Killed Mlioglotl
 26812 | Snake:1  | Reached skill level 5 in Evocations
 26833 | Snake:1  | Noticed Kirke
 26838 | Snake:1  | Killed Kirke
 26962 | Snake:1  | Identified the +1 chain mail of Refuge {rPois rC- Will+
                  | Regen+} (Okawaru gifted it to you on level 1 of the Snake
                  | Pit)
 26962 | Snake:1  | Received a gift from Okawaru
 26971 | Snake:1  | Reached skill level 17 in Ranged Weapons
 27642 | Snake:2  | Noticed a nagaraja
 27646 | Snake:2  | Killed a nagaraja
 27647 | Snake:2  | Reached XP level 16. HP: 136/136 MP: 17/20
 27885 | Snake:2  | Found a runed translucent gate.
 27886 | Snake:2  | Found a runed translucent gate.
 27887 | Snake:2  | Found a runed translucent gate.
 27889 | Snake:2  | Noticed greasedhog's ghost (journeyman GrSu)
 27889 | Snake:2  | Noticed Nitaif's ghost (adept GrFi)
 27889 | Snake:2  | Noticed Ammimmimomm's ghost (adept MfGl)
 27976 | Snake:2  | Received a gift from Okawaru
 28085 | Snake:2  | Received a gift from Okawaru
 28497 | Snake:3  | Identified the +1 arbalest of the Hall of Blades {penet,
                  | Will+} (Okawaru gifted it to you on level 3 of the Snake
                  | Pit)
 28497 | Snake:3  | Received a gift from Okawaru
 28630 | Snake:3  | Found a frozen archway.
 28682 | IceCv    | Entered an ice cave
 29039 | IceCv    | Found the +4 skin of Zhor {*Englaciate rC+++ SInv}
 29070 | IceCv    | Found an ancient bone altar of Kikubaaqudgha.
 29078 | IceCv    | Received a gift from Okawaru
 29084 | IceCv    | Noticed a lich
 29104 | IceCv    | Blown up by a lich

Illustrated notes

Levels and vault maps discovered:
D:1:      beargit_arrival_greenhouse, layout_loops_ring,
          hellmonk_ecumenical_altar_blasted, kennysheep_pointless_box
D:2:      layout_basic
D:3:      layout_basic, ebering_ghost_sewer_d
D:4:      layout_cave_pools, lemuel_doored_altar, serial_park, serial_park_paths
          [serial_park_minivault_5x5_7], serial_park_tiny_2, serial_park_tiny_2,
          serial_park_tiny_1, serial_park_tiny_1, serial_park_tiny_2,
          portal_sewer_entry_a, grunt_decor_mini_mirrors, serial_bayou_pond_d,
          kennysheep_orc_chapel
D:5:      layout_rooms, grunt_temple_overflow_order_and_chaos_2,
          kennysheep_little_box, nicolae_overflow_hidden_temple,
          minmay_temple_entry_from_below_a, minmay_pentangle
D:6:      layout_layer_cave, serial_shops, shop, nicolae_shop_hallway_plus,
          shop, nicolae_shop_temple_entry_statues_fountains
D:7:      minmay_the_grid_triangle_9x9_recursive_2
          [minmay_the_grid_triangle_9x9_prize_center,
          minmay_the_grid_triangle_9x9_skeleton,
          minmay_the_grid_triangle_9x9_intruding_spiral,
          minmay_the_grid_triangle_9x9_from_above], layout_basic, serial_shops,
          nicolae_shop_hallway_plus, kennysheep_generic_room_3
D:8:      layout_gridville, nicolae_tso_besieged_by_evil,
          mainiacjoe_overflow_tiny_flanked, nicolae_qazlal_scattered_showers,
          serial_shops, shop, gammafunk_ghost_wrathful_warriors
D:9:      layout_loops_ring, mainiacjoe_overflow_concentric_impassable,
          nicolae_dithmenos_through_a_glass_darkly,
          mainiacjoe_overflow_alcove_1, serial_rivers,
          chequers_serial_rivers_room_b, chequers_serial_rivers_room_b,
          chequers_serial_rivers_small_b, chequers_serial_rivers_micro_a
D:10:     layout_irregular_city, nicolae_trove_entry_free_sample
D:11:     layout_irregular_city, minmay_lair_entry_grove,
          minmay_orc_entry_temple_small
D:12:     layout_irregular_city, serial_shops, shop
D:13:     minmay_firetagon, layout_basic, uniq_lodul
D:14:     layout_basic, erik_vaults_2, amcnicky_mini_pool_small, serial_shops,
          nicolae_diamond_shop
D:15:     grunt_enter_depths_snipers, layout_loops_ring, serial_shops, shop,
          nrook_campfire, hangedman_cracks_in_the_wall
Temple:   hellmonk_temple_of_storms
Lair:1:   layout_regular_city, serial_bayou_shore_b, infiniplex_staircase_pool
Lair:2:   layout_concentric_octagons, minmay_shoals_entry_beasts, uniq_maggie
Lair:3:   layout_regular_city, guppyfry_snake_entry_garden,
          nicolae_quartered_pool_medium
Lair:4:   layout_regular_city, grunt_megastairs_5, lemuel_fruit_tree
Lair:5:   grunt_lair_end_beastmaster, layout_long_grid, slime_entry_1,
          grunt_megastairs_4
Snake:1:  layout_rooms, basic_altar, uniq_mlioglotl, uniq_aizul, uniq_kirke
Snake:2:  nicolae_snake_attic_fulla_snakes, layout_onion_interference,
          gammafunk_ghost_cemetery, drop_trap, serial_bayou_shore_b
Snake:3:  layout_onion_interference, portal_ice_cave_entry_ugly_swarm,
          serial_bayou_crossing
Orc:1:    layout_caves
Orc:2:    grunt_orc_community_town_hall, layout_caves,
          grunt_orc_community_big_house_2, grunt_orc_community_big_house_1,
          grunt_orc_community_house_2, grunt_orc_community_house_2,
          grunt_orc_community_house_3, grunt_orc_community_house_1,
          grunt_orc_community_house_3, grunt_orc_community_house_3,
          serial_shops, shop
IceCv:    ice_cave_small_necro

Skill      XL: |  1  2  3  4  5  6  7  8  9 10 11 12 13 14 15 16 |
---------------+-------------------------------------------------+-----
Fighting       | 1 2 3 5 6 8 10 12 13 15 16 | 16.0
Ranged Weapons | 5 6 7 8 9 11 13 14 16 17 | 17.8
Invocations    | 4 5 6 |  6.5
Translocations | 4 6 |  6.9
Armour         | 6 8 9 10 | 10.0
Dodging        | 2 5 7 8 |  8.3
Evocations     | 5 |  5.0
Stealth        | |  1.0
Spellcasting   | |  1.3
Earth Magic    | |  1.5

Action                   |  1- 3 |  4- 6 |  7- 9 | 10-12 | 13-15 | 16-18 || total
-------------------------+-------+-------+-------+-------+-------+-------++-------
Melee: Arbalest          |       |       |       |     1 |       |       ||     1
 Fire: Sling             |   131 |   170 |   123 |       |       |       ||   424
       Arbalest          |       |       |   157 |   538 |  1082 |       ||  1777
       Triple crossbow   |       |       |       |       |    89 |   172 ||   261
 Cast: Blink             |       |       |       |       |     2 |       ||     2
Invok: Heroism           |       |       |     3 |     9 |    21 |     6 ||    39
       Finesse           |       |       |       |     1 |     5 |     1 ||     7
Evoke: Wand              |       |       |       |     1 |     2 |     3 ||     6
       Tin of tremorston |       |       |       |       |     2 |     2 ||     4
       Condenser vane    |       |       |       |       |     2 |     1 ||     3
  Use: Scroll            |     3 |     6 |     9 |     5 |     6 |     3 ||    32
Armor: Leather armour    |     9 |    39 |    97 |     3 |       |       ||   148
       Steam dragon scal |       |       |       |    50 |       |       ||    50
       Acid dragon scale |       |       |       |    17 |       |       ||    17
       Pearl dragon scal |       |       |       |   201 |   439 |       ||   640
       Scale mail        |       |       |       |       |    90 |   152 ||   242
Dodge: Dodged            |    27 |    57 |   108 |   216 |   600 |   217 ||  1225

Table legend: (Time is in decaauts)
 A = Elapsed time spent in this place.
 B = Non-inter-level travel time spent in this place.
 C = Inter-level travel time spent in this place.
 D = Time resting spent in this place.
 E = Time spent auto-exploring this place.
 F = Levels seen in this place.
 G = Mean time per level.
                   A        B        C        D        E       F      G
               +--------+--------+--------+--------+--------+-----+--------+
         Total |  29902 |  28258 |   1644 |   1415 |  21903 |  29 | 1031.1 |
       Dungeon |  17718 |  16389 |   1329 |   1048 |  12685 |  15 | 1181.2 |
        Temple |     71 |     35 |     36 |      0 |     24 |   1 |   71.0 |
          Lair |   7617 |   7438 |    179 |    119 |   6286 |   5 | 1523.4 |
     Snake Pit |   2329 |   2276 |     53 |    136 |   1563 |   3 |  776.3 |
  Orcish Mines |   1468 |   1423 |     45 |    109 |    921 |   2 |  734.0 |
         Trove |     83 |     83 |      0 |      0 |     13 |   1 |   83.0 |
         Sewer |    158 |    158 |      0 |      0 |     91 |   1 |  158.0 |
      Ice Cave |    454 |    454 |      0 |      3 |    319 |   1 |  454.0 |
               +--------+--------+--------+--------+--------+-----+--------+

Top non-repeatable levels by time:
     D:7: 2001 daAuts
  Lair:2: 1902 daAuts
  Lair:5: 1749 daAuts
    D:11: 1600 daAuts
     D:2: 1552 daAuts
  Lair:4: 1532 daAuts
    D:13: 1414 daAuts
    D:15: 1333 daAuts
  Lair:1: 1267 daAuts
     D:8: 1262 daAuts
    D:14: 1232 daAuts
 Snake:2: 1214 daAuts
     D:5: 1175 daAuts
  Lair:3: 1167 daAuts
     D:9: 1156 daAuts
